 Dungeon Crawl Stone Soup version 0.26-a0-113-gd8a95b691d (webtiles) character file.

Game seed: 14805037454341299370

7 Gargoyl the Skirmisher (level 1, -8/19 HPs)
             Began as a Centaur Abyssal Knight on June 27, 2020.
             Was a Follower of Lugonu.
             Mangled by a spatial maelstrom (13 damage)
             ... on level 1 of the Abyss.
             The game lasted 00:00:17 (82 turns).

Gargoyl the Skirmisher (Centaur Abyssal Knight)       Turns: 82, Time: 00:00:18

Health: -8/19      AC:  4    Str: 14    XL:     1   Next: 91%
Magic:  2/2        EV:  9    Int: 11    God:    Lugonu [*.....]
Gold:   0          SH:  0    Dex:  8    Spells: 0/0 levels left

rFire    . . .     SeeInvis .   a - +1 hand axe
rCold    . . .     Faith    .   (no shield)
rNeg     . . .     Spirit   .   b - +0 leather armour
rPois    .         Reflect  .   (no helmet)
rElec    .         Harm     .   (no cloak)
rCorr    .                      (no gloves)
MR       .....                  (no barding)
Stlth    ..........             (no amulet)
HPRegen  0.06/turn              (no ring)
MPRegen  0.08/turn              (no ring)

@: very quick
A: large, hooves 3, deformed body, speed 2, tough skin 3
a: Depart the Abyss, Renounce Religion


You were on level 1 of the Abyss.
You worshipped Lugonu.
Lugonu was aware of your devotion.
You were not hungry.

You visited 0 branches of the dungeon, and saw 0 of its levels.
You visited the Abyss 1 time.

Inventory:

Hand Weapons
 a - a +1 hand axe (weapon)
Armour
 b - a +0 leather armour (worn)
Comestibles
 c - a ration


   Skills:
 + Level 3.2 Fighting
 + Level 1.9 Axes
 + Level 1.5 Armour
 + Level 0.6 Dodging
 + Level 2.1 Invocations


You couldn't memorise any spells.
You didn't know any spells.
Your spell library was empty.

Dungeon Overview and Level Annotations

Branches:
Dungeon (0/15)

Altars:


Innate Abilities, Weirdness & Mutations

You have hooves in place of feet.
Armour fits poorly on your strangely shaped body.
You cover ground very quickly.
You have extremely tough skin. (AC +3)


Message History

The white imp gestures at you. The puff of frost hits you!
Ouch! That really hurt!
* * * LOW HITPOINT WARNING * * *
You slash the white imp!
You kill the white imp!
A spatial vortex comes into view.
The spatial vortex moves out of view.
A spatial vortex and a spatial maelstrom come into view.
A spatial vortex comes into view.
A spatial vortex comes into view.
A spatial vortex comes into view.
A spatial vortex comes into view.
A spatial vortex comes into view.
A spatial vortex comes into view.
Found 5 gold pieces.
A spatial vortex comes into view.
The spatial maelstrom hits you!
Ouch! That really hurt!
You die...

v.#....#
##...#...#. #
.v#....#.....#
.###...##... ....
#....#...#.......
. ..v.v.....# .#
............##.#
............#v..#
. ...........#..#
...........@v# .
#....#.#.#.#
#...####.### #..
.## .. .# .. .$
...


You could see a spatial maelstrom and 4 spatial vortices.

Vanquished Creatures
  A white imp (Abyss:1)
1 creature vanquished.

Notes
Turn   | Place    | Note
-------+----------+-------------------------------------------
     0 | Abyss:1  | Gargoyl the Centaur Abyssal Knight began the quest for the
                  | Orb.
     0 | Abyss:1  | Reached XP level 1. HP: 19/19 MP: 2/2
    39 | Abyss:1  | Noticed a vampire mage
    68 | Abyss:1  | Noticed a spatial vortex
    69 | Abyss:1  | Noticed a spatial maelstrom
    69 | Abyss:1  | Noticed a spatial vortex
    70 | Abyss:1  | Noticed a spatial vortex
    71 | Abyss:1  | Noticed a spatial vortex
    73 | Abyss:1  | Noticed a spatial vortex
    74 | Abyss:1  | Noticed a spatial vortex
    74 | Abyss:1  | Noticed a spatial vortex
    78 | Abyss:1  | Noticed a spatial vortex
    81 | Abyss:1  | Noticed a spatial vortex
    82 | Abyss:1  | Mangled by a spatial maelstrom

Illustrated notes

Levels and vault maps discovered:
Abyss:1:  minivault_25_ag

Action                   || total
-------------------------++-------
Melee: Hand axe          ||     2

Table legend:
 A = Non-vault XP
 B = Vault XP
 C = Vault XP percentage of total XP
 D = Non-vault monster count
 E = Vault monster count
 F = Vault count percentage of total count
                 A         B        C        D         E       F
            +---------+---------+-------+---------+---------+-------
      Total |      11 |       0 |   0.0 |       1 |       0 |   0.0
            +---------+---------+-------+---------+---------+-------
    Abyss:1 |      11 |       0 |   0.0 |       1 |       0 |   0.0
            +---------+---------+-------+---------+---------+-------
